 Dungeon Crawl Stone Soup version 0.30-a0-272-gf98c3da03f (webtiles) character file.

Game seed: 12689648272010506722

2027 Sobieck the Fighter (level 9, -1/116 HPs)
             Began as an Ogre Transmuter on Oct 15, 2022.
             Was a Believer of Ashenzari.
             Slain by a sky beast (3 damage)
             ... on level 6 of the Dungeon.
             The game lasted 00:16:59 (7555 turns).

Sobieck the Fighter (Ogre Transmuter)               Turns: 7555, Time: 00:16:59

Health: -1/116     AC:  8    Str: 16    XL:     9   Next: 23%
Magic:  9/12       EV:  9    Int: 18    God:    Ashenzari [**....]
Gold:   336        SH:  0    Dex:  9    Spells: 2/12 levels left

rFire   x x .      SeeInvis +      - Unarmed
rCold   + + +      Faith    .    (shield currently unavailable)
rNeg    . . .      Spirit   .    (body armour currently unavailable)
rPois   +          Reflect  .    (helmet currently unavailable)
rElec   .          Harm     .    (cloak currently unavailable)
rCorr   .          Rampage  .    (gloves unavailable)
Will    +....                    (boots unavailable)
Stlth   +.........               (no amulet)
HPRegen 0.39/turn                r - ring of Cremastomancy {Ice, Melee, Elem} (curse)
MPRegen 0.13/turn                H - ring of willpower

@: ice-form, mesmerised, invisible
A: freezing attack, amphibious, boosted hp, large, unfitting armour, (tough skin
1)
a: End Transformation, Renounce Religion, Curse Item, Shatter the Chains


You were on level 6 of the Dungeon.
You worshipped Ashenzari.
Ashenzari was pleased with you.
You were a creature of crystalline ice.
You visited 1 branch of the dungeon, and saw 6 of its levels.

You collected 336 gold pieces.


Innate Abilities, Weirdness & Mutations

You are a creature of crystalline ice.
You have a powerful freezing melee attack.
You are amphibious.
Your maximum health is increased.
Your armour is entirely melded.
You are incapable of wielding weapons or throwing items.
You are too large for most types of armour.
((You have tough skin. (AC +1)))


   Skills:
 + Level 8.8 Fighting
 - Level 1.7 Dodging
 + Level 6.9(8.2) Unarmed Combat
 - Level 2.4 Spellcasting
 + Level 5.4 Transmutations
 - Level 3.1(4.2) Ice Magic


You had 2 spell levels left.
You knew the following spells:

 Your Spells              Type           Power      Damage    Failure   Level
a - Beastly Appendage     Tmut           42%        N/A       1%          1
b - Wereblood             Tmut           21%        N/A       2%          2
c - Spider Form           Tmut/Pois      12%        N/A       17%         3
d - Ice Form              Ice/Tmut       29%        N/A       24%         4

Your spell library contained the following spells:

 Spells                   Type           Power      Damage    Failure   Level
 Freeze                   Ice            100%       1d10      3%          1
 Necrotise                Necr           8%         1d4       17%         1
 Frozen Ramparts          Ice            52%        1d8       9%          3
 Ozocubu's Armour         Ice            26%        N/A       9%          3
 Hailstorm                Conj/Ice       14%        3d5       22%         3
 Vampiric Draining        Necr           2%         2d6       45%         3
 Agony                    Necr           2%         N/A       99%         5
 Ozocubu's Refrigeration  Ice            13%        4d10      100%        7
 Borgnjor's Revivificati  Necr           1%         N/A       100%        8
 Necromutation            Tmut/Necr      6%         N/A       100%        8
 Death's Door             Necr           1%         N/A       100%        9

Inventory:

Hand Weapons
 f - a +0 dagger {short}
   (You took it off a kobold on level 1 of the Dungeon)
 g - a +0 club {mace}
   (You took it off a goblin on level 1 of the Dungeon)
 h - a +0 mace {mace}
   (You found it on level 1 of the Dungeon)
 i - a +0 sling
   (You found it on level 1 of the Dungeon)
 j - a +0 spear {polearm}
   (You found it on level 1 of the Dungeon)
Missiles
 c - 38 stones {throwing}
 n - 8 poisoned darts {throwing}
 z - 2 boomerangs {throwing}
 B - 5 large rocks {=fthrowing}
 I - 2 silver boomerangs {throwing}
Armour
 a - the cursed +0 robe "Sidereal Urgency" (melded) {Cun, Comp}

   It has a curse which improves the following skills: Cunning: Dodging and
   Stealth.
   Companions: Summonings and Necromancy.
 m - a +0 robe
   (You took it off Jessica on level 2 of the Dungeon)
 q - a +0 robe
   (You found it on level 3 of the Dungeon)
 t - a +0 robe
   (You found it on level 5 of the Dungeon)
 u - the cursed +0 cloak "Circumscribed Prison" (melded) {Alch, Bglg}
   (You found it on level 3 of the Dungeon)

   It has a curse which improves the following skills: Alchemy: Poison Magic and
   Transmutations.
   Beguiling: Conjurations, Hexes and Translocations.
 w - a +0 robe
   (You found it on level 5 of the Dungeon)
 x - a +0 robe
   (You found it on level 3 of the Dungeon)
 y - a +0 robe
   (You took it off an orc wizard on level 4 of the Dungeon)
 C - a +0 robe
   (You took it off an orc wizard on level 5 of the Dungeon)
 D - a +0 robe
   (You took it off Blork the orc on level 5 of the Dungeon)
 G - a +0 robe
   (You took it off a gnoll bouda on level 5 of the Dungeon)
 J - a +0 robe
   (You took it off a gnoll bouda on level 6 of the Dungeon)
Jewellery
 r - the cursed ring of Cremastomancy (left front paw) {Ice, Melee, Elem}
   (You found it on level 3 of the Dungeon)

   [ring of ice]

   It enhances your ice magic.
   rF:        It makes you vulnerable to fire.
   rC:        It protects you from cold.
   It has a curse which improves the following skills: Melee Combat: Short
   Blades, Long Blades, Axes, Maces & Flails, Polearms, Staves and Unarmed
   Combat.
   Elements:  Fire Magic, Ice Magic, Air Magic and Earth Magic.
 H - a ring of willpower (right front paw)
   (You found it on level 5 of the Dungeon)
Wands
 s - a wand of flame (26)
   (You took it off Ijyb on level 3 of the Dungeon)
Scrolls
 e - 5 scrolls of teleportation {@r4}
 k - 4 scrolls of identify {@r1}
 o - a scroll of magic mapping {!r}
 p - 2 scrolls of torment {!r}
 E - a scroll of fog
Potions
 b - 3 potions of lignification {!q}
 d - 3 potions of attraction {!q}
 l - 2 potions of brilliance
Miscellaneous
 v - a piece from Xom's chessboard (15/15)
   (You found it on level 3 of the Dungeon)

Dungeon Overview and Level Annotations

Branches:
Dungeon (6/15) Zot: 21891  Temple (0/1) D:4

Altars:
Ashenzari
Okawaru
Sif Muna
Uskayaw
Xom
The Shining One

Annotations:
D:2 Sigmund
D:3 1 runed translucent door, Crazy Yiuf
D:6 Maggie

#.#####.#
#.......#
#.####### #.# #.#
*#### #.###### **
* ,... #......#
*, ,
*.#####F##.####.#
* ......@Y....# ,
* ,......##Y##.#*
* * ##.## ...#...
, , * ,,*
......##.* * ,
,.....#.# ,# , ,
#.##.##..., * * *
*, #. ..., .## .,
#.. * # * * * , ,


You could see Maggie (mesmerising, unable to see you), a sky beast (invisible,
unable to see you) and a bullfrog (unable to see you).


Message History

You kill the gnoll!
Your attacks no longer feel as feeble.
You start resting.
Your transformation is almost over.
You warm up again.
The cursed +0 cloak "Circumscribed Prison" {Alch, Bglg} unmelds from your body.
The cursed +0 robe "Sidereal Urgency" {Cun, Comp} unmelds from your body.
You start waiting.
Done waiting.
Unknown command.
Unknown command.
Unknown command.
J - a +0 robe
Items here: )))) [[ †.
You see here a +0 whip {mace}.
You now have 336 gold pieces (gained 10).
d - 3 potions of attraction {!q} (gained 1)
You open the door.
There is an open door here.
Maggie the Vainglorious comes into view.
She is wielding a +0 broad axe and carrying a wand of mindburst (21).
Maggie gestures at you while chanting. The bolt of fire hits you!!
The fire burns you terribly!
Danger!
You feel a surge of power!
You turn into a creature of crystalline ice.
The cursed +0 cloak "Circumscribed Prison" {Alch, Bglg} melds into your body.
The cursed +0 robe "Sidereal Urgency" {Cun, Comp} melds into your body.
A bullfrog comes into view.
Maggie gestures wildly while chanting.
Maggie attempts to bespell you! You resist with almost no effort.
A sky beast comes into view.
Unknown command.
A bullfrog comes into view.
The bullfrog gives a loud, deep croak!
You punch the bullfrog!
The bullfrog seems to slow down.
You freeze the bullfrog. The bullfrog closely misses you.
Unknown command.
You hit the bullfrog but do no damage.
Maggie mumbles some strange words.
Maggie attempts to bespell you!
You easily resist.
The bullfrog barely misses you.
Unknown command.
You punch the bullfrog! You freeze the bullfrog.
You kill the bullfrog!
Maggie casts a spell.
Maggie attempts to bespell you!
You are mesmerised by Maggie!
The bullfrog hits you but does no damage.
Maggie hits you with a +0 broad axe! The bullfrog hits you.
You see here a bullfrog corpse.
Unknown command.
You hit Maggie but do no damage. The bullfrog barely misses you.
Maggie closely misses you. The sky beast hits you. The sky beast shocks you.
You punch Maggie! You freeze Maggie.
The bullfrog hits you but does no damage.
Maggie hits you but does no damage.
The sky beast hits you but does no damage.
The bullfrog hits you.
Unknown command.
You hit Maggie but do no damage.
The bullfrog hits you but does no damage.
Maggie points at you and mumbles some strange words.
The bolt of fire hits you!! The fire burns you terribly!
* * * LOW HITPOINT WARNING * * *
The sky beast barely misses you.
Unknown command.
You barely miss Maggie. The bullfrog hits you.
* * * LOW HITPOINT WARNING * * *
Maggie hits you with a +0 broad axe!
* * * LOW HITPOINT WARNING * * *
The sky beast hits you but does no damage.
Unknown command.
You punch Maggie! You freeze Maggie. The bullfrog barely misses you.
Unknown command.
You barely miss Maggie.
The bullfrog hits you but does no damage.
Maggie casts a spell.
Maggie draws you further into her thrall.
The sky beast hits you.
* * * LOW HITPOINT WARNING * * *
The sky beast shocks you.
* * * LOW HITPOINT WARNING * * *
The bullfrog hits you.
* * * LOW HITPOINT WARNING * * *
You feel much better. Maggie casts a spell at you. The bolt of fire hits you!!
The fire burns you terribly!
* * * LOW HITPOINT WARNING * * *
The sky beast closely misses you. The bullfrog barely misses you.
You fade into invisibility!
The bullfrog barely misses you. Maggie hits you with a +0 broad axe!
* * * LOW HITPOINT WARNING * * *
The sky beast hits you but does no damage.
The bullfrog barely misses you.
Unknown command.
You catch the helpless Maggie completely off-guard!
You pummel Maggie!! You freeze Maggie.
The sky beast flickers out of sight for a moment.
The sky beast hits you.
You die...

Skill      XL: |  1  2  3  4  5  6  7  8 |
---------------+-------------------------+-----
Transmutations | 2 3 4 5 |  5.4
Fighting       | 2 3 4 5 6 8 |  8.8
Unarmed Combat | 3 4 5 6 |  6.9
Ice Magic      | 2 3 |  3.1
Dodging        | |  1.7
Spellcasting   | |  2.4

Action                   |  1- 3 |  4- 6 |  7- 9 || total
-------------------------+-------+-------+-------++-------
Melee: Unarmed           |    68 |   160 |   138 ||   366
       Kick              |    11 |     8 |       ||    19
       Headbutt          |     3 |     4 |       ||     7
       Punch             |     2 |     1 |       ||     3
 Cast: Beastly Appendage |    26 |     9 |     1 ||    36
       Wereblood         |     1 |       |       ||     1
       Spider Form       |       |    23 |    14 ||    37
       Ice Form          |       |       |     7 ||     7
Invok: Curse Item        |       |     3 |       ||     3
  Use: Scroll            |       |     1 |       ||     1
       Potion            |       |       |     3 ||     3
 Stab: Sleeping          |     1 |     1 |       ||     2
       Invisible         |       |       |     1 ||     1
Armor: Robe              |    21 |    12 |     2 ||    35
       Skin              |       |     8 |    31 ||    39
Dodge: Dodged            |    31 |   113 |    73 ||   217

Levels and vault maps discovered:
D:1:      dpeg_arrival_stone_temple_mockup, layout_loops_ring,
          shapermc_ecumenical_altar_flowoftime
D:2:      layout_loops_cross, basic_altar, uniq_sigmund, uniq_jessica
D:3:      layout_loops_ring, xom_butterflies, hangedman_decor_riveting,
          minmay_quantized, uniq_crazy_yiuf_cottage, uniq_ijyb
D:4:      layout_basic, minmay_temple_entry_glass, st_stairs_2
D:5:      layout_basic, lemuel_crystal_altar,
          mainiacjoe_overflow_surrounded_room, nicolae_overflow_crystal_walls,
          minivault_24, grunt_ministairs_13, uniq_blork_the_orc
D:6:      layout_loops_corners, pf_just_have_faith, grunt_decor_cap,
          hangedman_decor_clover_reticule, nicolae_grassy_gnolls, uniq_maggie

Notes
Turn   | Place    | Note
-------+----------+-------------------------------------------
     0 | D:1      | Sobieck the Ogre Transmuter began the quest for the Orb.
     0 | D:1      | Reached XP level 1. HP: 19/19 MP: 3/3
   152 | D:1      | Reached skill level 2 in Transmutations
   188 | D:1      | Reached XP level 2. HP: 28/28 MP: 3/5
   190 | D:1      | Reached skill level 2 in Fighting
   208 | D:1      | Learned a level 2 spell: Wereblood
   394 | D:1      | Found a faded altar of an unknown god.
   486 | D:1      | Reached skill level 3 in Unarmed Combat
   824 | D:1      | Reached XP level 3. HP: 33/36 MP: 4/6
   994 | D:2      | Found a broken altar of Ashenzari.
  1065 | D:2      | Noticed Jessica
  1079 | D:2      | Killed Jessica
  1080 | D:2      | Reached skill level 3 in Fighting
  1127 | D:2      | Became a worshipper of Ashenzari the Shackled
  1235 | D:2      | Noticed Sigmund
  1351 | D:2      | Reached XP level 4. HP: 40/45 MP: 5/7
  1420 | D:2      | You add the spells Ozocubu's Armour and Ozocubu's
                  | Refrigeration to your library.
  1840 | D:3      | Learned a level 3 spell: Spider Form
  2007 | D:3      | Reached XP level 5. HP: 44/53 MP: 4/8
  2012 | D:3      | Reached skill level 3 in Transmutations
  2084 | D:3      | Noticed Ijyb
  2095 | D:3      | Killed Ijyb
  2187 | D:3      | Identified the cursed +0 robe "Sidereal Urgency" {Cun,
                  | Comp}
  2197 | D:3      | You fall into a shaft and drop 3 floors!
  2363 | D:6      | Found an iron altar of Okawaru.
  2400 | D:5      | Entered Level 5 of the Dungeon
  2416 | D:5      | Noticed a water moccasin
  2444 | D:4      | Reached skill level 4 in Fighting
  2497 | D:3      | Found a shimmering altar of Xom.
  2770 | D:3      | You pick up a book of Frost and begin reading...
  2770 | D:3      | You add the spells Freeze, Frozen Ramparts and Hailstorm to
                  | your library.
  2783 | D:3      | Found a runed translucent door.
  2784 | D:3      | Noticed Crazy Yiuf
  2804 | D:3      | Reached * piety under Ashenzari
  2867 | D:3      | Identified the cursed +0 cloak "Circumscribed Prison"
                  | {Alch, Bglg} (You found it on level 3 of the Dungeon)
  2884 | D:3      | Reached skill level 4 in Unarmed Combat
  2960 | D:3      | Reached XP level 6. HP: 21/63 MP: 3/9
  3798 | D:4      | Found a staircase to the Ecumenical Temple.
  3885 | D:4      | Reached skill level 5 in Fighting
  4034 | D:4      | Reached ** piety under Ashenzari
  4048 | D:4      | Reached skill level 4 in Transmutations
  4048 | D:4      | Reached XP level 7. HP: 71/72 MP: 6/10
  4424 | D:4      | Learned a level 4 spell: Ice Form
  4913 | D:5      | You pick up a book of Necromancy and begin reading...
  4913 | D:5      | You add the spells Necrotise, Vampiric Draining and Agony
                  | to your library.
  4917 | D:5      | Noticed a yak
  5075 | D:5      | Found a shimmering blue altar of Sif Muna.
  5102 | D:5      | Reached skill level 6 in Fighting
  5109 | D:5      | HP: 18/75 [poisoned by an orc wizard]
  5295 | D:5      | Noticed Blork the orc
  5304 | D:5      | Killed Blork the orc
  5305 | D:5      | Reached skill level 5 in Unarmed Combat
  5305 | D:5      | Reached skill level 1 in Ice Magic
  5473 | D:5      | Noticed a yak
  5473 | D:5      | Noticed a yak
  5494 | D:5      | Killed a yak
  5548 | D:5      | Noticed a yak
  5563 | D:5      | Killed a yak
  5564 | D:5      | Reached skill level 2 in Ice Magic
  5564 | D:5      | Reached XP level 8. HP: 65/84 MP: 7/11
  5570 | D:5      | Killed a yak
  5571 | D:5      | Reached skill level 7 in Fighting
  5571 | D:5      | Reached skill level 3 in Ice Magic
  5580 | D:5      | Killed a yak
  5581 | D:5      | Reached skill level 6 in Unarmed Combat
  6034 | D:5      | Found a glowing golden altar of the Shining One.
  6241 | D:5      | Found a hide-covered altar of Uskayaw.
  6429 | D:5      | Noticed a vampire
  6447 | D:5      | Killed a vampire
  6634 | D:5      | Reached skill level 8 in Fighting
  6837 | D:5      | You add the spells Borgnjor's Revivification, Necromutation
                  | and Death's Door to your library.
  6970 | D:5      | Reached skill level 5 in Transmutations
  6970 | D:5      | Reached XP level 9. HP: 96/96 MP: 4/12
  7540 | D:6      | Noticed Maggie
  7550 | D:6      | HP: 24/116 [Maggie/+0 broad axe (7)]
  7553 | D:6      | HP: 9/116 [Maggie/bolt of fire (30)]
  7554 | D:6      | HP: 1/116 [Maggie/+0 broad axe (8)]
  7555 | D:6      | Slain by a sky beast

Vanquished Creatures
  A vampire (D:5)
  4 yaks (D:5)
  A water moccasin (D:5)
  An ice beast (D:6)
  2 phantoms (D:4)
  A bullfrog (D:6)
  A scorpion (D:5)
  Blork the orc (D:5)
  A gnoll sergeant (D:6)
  2 jellies
  2 hounds
  An orc priest (D:3)
  2 gnoll boudas
  Jessica (D:2)
  4 iguanas
  Ijyb (D:3)
  2 orc wizards
  15 gnolls
  7 adders
  3 white imps
  3 dart slugs
  11 orcs
  6 endoplasms
  6 giant cockroaches
  A goblin (D:1)
  3 hobgoblins
  6 kobolds
  2 quokkas
  11 ball pythons
  6 bats
  2 frilled lizards
  8 rats
118 creatures vanquished.

Vanquished Creatures (others)
  10 plants (D:6)
10 creatures vanquished.

Grand Total: 128 creatures vanquished

Table legend:
 A = Non-vault XP
 B = Vault XP
 C = Vault XP percentage of total XP
 D = Non-vault monster count
 E = Vault monster count
 F = Vault count percentage of total count
                 A         B        C        D         E       F
            +---------+---------+-------+---------+---------+-------
      Total |    1632 |    1264 |  43.6 |      93 |      25 |  21.2
            +---------+---------+-------+---------+---------+-------
        D:1 |      35 |       0 |   0.0 |      22 |       0 |   0.0
        D:2 |      11 |      37 |  77.1 |       6 |       1 |  14.3
        D:3 |     207 |      41 |  16.5 |      26 |       6 |  18.8
        D:4 |     407 |      41 |   9.2 |      21 |       4 |  16.0
        D:5 |     663 |     969 |  59.4 |      13 |       8 |  38.1
        D:6 |     309 |     176 |  36.3 |       5 |       6 |  54.5
            +---------+---------+-------+---------+---------+-------

Illustrated notes

Table legend:
 A = Kills in this place as a percentage of kills in entire the game.
 B = Kills by you in this place as a percentage of kills by you in the entire game.
 C = Kills by friends in this place as a percentage of kills by friends in the entire game.
 D = Other kills in this place as a percentage of other kills in the entire game.
 E = Experience gained in this place as a percentage of experience gained in the entire game.
 F = Experience gained in this place divided by the number of levels of this place that you have seen.
                   A       B       C       D       E      F
               +-------+-------+-------+-------+-------+----------------------
         Total | 100.0 | 100.0 |   N/A |   N/A | 100.0 | 482.7
       Dungeon | 100.0 | 100.0 |   N/A |   N/A | 100.0 | 482.7
               +-------+-------+-------+-------+-------+----------------------

Table legend: (Time is in decaauts)
 A = Elapsed time spent in this place.
 B = Non-inter-level travel time spent in this place.
 C = Inter-level travel time spent in this place.
 D = Time resting spent in this place.
 E = Time spent auto-exploring this place.
 F = Levels seen in this place.
 G = Mean time per level.
                   A        B        C        D        E       F      G
               +--------+--------+--------+--------+--------+-----+--------+
         Total |   7522 |   7354 |    168 |   1547 |   4437 |   6 | 1253.7 |
       Dungeon |   7522 |   7354 |    168 |   1547 |   4437 |   6 | 1253.7 |
               +--------+--------+--------+--------+--------+-----+--------+

Top non-repeatable levels by time:
     D:5: 2044 daAuts
     D:4: 1626 daAuts
     D:3: 1401 daAuts
     D:1: 959 daAuts
     D:2: 779 daAuts
     D:6: 711 daAuts
